 Dungeon Crawl Stone Soup version 0.28-a0-823-gb444dcf96d (webtiles) character file.

Game seed: 12055065390550248655

868 ytrimaz the Covered (level 8, -4/62 HPs)
             Began as a Formicid Fighter on Nov 9, 2021.
             Slain by a mummy (7 damage)
             ... in an ossuary.
             The game lasted 00:05:02 (4238 turns).

ytrimaz the Covered (Formicid Fighter)              Turns: 4238, Time: 00:05:03

Health: -4/62      AC: 10    Str: 20 (22) XL:     8   Next: 23%
Magic:  8/8        EV:  9    Int:  7 (9)  God:
Gold:   212        SH:  9    Dex:  8      Spells: 7/7 levels left

rFire   . . .      SeeInvis +   a - +0 rapier (drain)
rCold   . . .      Faith    .   c - +0 buckler
rNeg    . . .      Spirit   .   b - +1 scale mail
rPois   .          Reflect  +   (helmet unavailable)
rElec   .          Harm     .   (no cloak)
rCorr   .          Rampage  .   h - +0 pair of gloves
Will    +....                   (no boots)
Stlth   ..........              i - amulet of reflection
HPRegen 0.20/turn               m - ring of willpower
MPRegen 0.11/turn               (no ring)

@: no status effects
A: permanent stasis, dig shafts and tunnels, antennae 3, four strong arms,
clumsy 1, evolution 1, MP-powered wands
a: Dig


You were in an ossuary.
You visited 1 branch of the dungeon, and saw 5 of its levels.
You also visited: Ossuary.

You collected 212 gold pieces.

Inventory:

Hand Weapons
 a - a +0 rapier of draining (weapon)
 g - a +1 whip of venom
Armour
 b - a +1 scale mail (worn)
 c - a +0 buckler (worn)
 h - a +0 pair of gloves (worn)
Jewellery
 i - an amulet of reflection (around neck)
 m - a ring of willpower (left hand)
Scrolls
 q - a scroll of magic mapping
Potions
 f - a potion of degeneration
 o - a potion of flight


   Skills:
 + Level 5.2 Fighting
 * Level 3.6 Short Blades
 - Level 4.7 Maces & Flails
 + Level 6.6 Armour
 - Level 3.8 Shields


You had 7 spell levels left.
You didn't know any spells.
Your spell library contained the following spells:

 Spells                   Type           Power      Damage    Failure   Level
 Corpse Rot               Necr/Air       0%         N/A       88%         2
 Poisonous Vapours        Pois/Air       0%         N/A       88%         2
 Ozocubu's Armour         Ice            0%         N/A       98%         3
 Metabolic Englaciation   Hex/Ice        0%         N/A       100%        5
 Simulacrum               Ice/Necr       0%         N/A       100%        6


Dungeon Overview and Level Annotations

Branches:
Dungeon (5/15)            Ossuary (1/1)
 Temple: D:4-7

Altars:
Hepliaklqana

Shops:
D:3 :


Innate Abilities, Weirdness & Mutations

You cannot be hasted, slowed, berserked, paralysed or teleported.
You can dig through walls and to a lower floor.
You have a pair of large antennae on your head. (SInv)
Your four strong arms can wield two-handed weapons with a shield.
You are clumsy. (Dex -2)
You have hidden genetic potential.
You expend magic power (3 MP) to strengthen your wands.


Message History

You puncture the bullfrog zombie!
The bullfrog zombie is almost destroyed.
The bullfrog zombie barely misses you. x2
Press: ? - help, v - describe, . - travel
Here: a bog mummy (moderately damaged) Some shallow water.
Unknown command.
Unknown command.
You puncture the bullfrog zombie!
You destroy the bullfrog zombie!
You feel your dexterity returning.
You barely miss the mummy.
The mummy is moderately damaged.
You hit the mummy.
The mummy is moderately damaged.
You barely miss the bog mummy.
The bog mummy is moderately damaged.
You hit the bog mummy.
The bog mummy is severely damaged.
The mummy barely misses you. The bog mummy barely misses you.
You hit the bog mummy.
The bog mummy is almost destroyed.
You block the mummy's attack. The bog mummy closely misses you.
You hit the bog mummy.
You destroy the bog mummy!
Unknown command.
You barely miss the mummy.
The mummy is moderately damaged.
The mummy hits you!
* * * LOW HITPOINT WARNING * * *
Your scale mail prevents you from hitting the mummy.
The mummy is moderately damaged.
Unknown command.
You hit the mummy.
The mummy is heavily damaged.
The mummy closely misses you.
You puncture the mummy!
The mummy is almost destroyed.
The mummy hits you!
You die...

{ { { { { { { { { {
##### ##### { #...#
#∩..# #...# #.∩.# #
{ #...#{#.@M# ≈M
#.##'##+##'##≈#{##
{+.....≈≈.≈..≈..P≈#
#'#'#.M.≈.≈≈#.≈#≈#
# #.#.#.#.#P# #≈#
#########≈# ≈# ##


You could see a mummy.

Vanquished Creatures
  An ogre (D:4)
  A bullfrog (D:4)
  A water moccasin zombie (Ossuary)
  A howler monkey (D:4)
  A centaur zombie (Ossuary)
  5 bullfrog zombies (Ossuary)
  2 hounds (D:4)
  A killer bee zombie (Ossuary)
  9 mummies
  A howler monkey zombie (Ossuary)
  4 adders (D:3)
  7 gnolls
  An adder skeleton (D:4)
  2 worms (D:2)
  A dart slug (D:1)
  6 orcs
  2 endoplasms (D:2)
  6 goblins
  6 hobgoblins
  5 jackals
  3 quokkas (D:1)
  2 ball pythons
  4 bats
  2 frilled lizards
  A hobgoblin zombie (D:5)
  5 kobolds
  A kobold zombie (D:5)
  A rat (D:1)
82 creatures vanquished.

Vanquished Creatures (others)
  4 withered plants (Ossuary)
4 creatures vanquished.

Grand Total: 86 creatures vanquished

Notes
Turn   | Place    | Note
-------+----------+-------------------------------------------
     0 | D:1      | ytrimaz the Formicid Fighter began the quest for the Orb.
     0 | D:1      | Reached XP level 1. HP: 18/18 MP: 1/1
   481 | D:1      | Reached XP level 2. HP: 21/24 MP: 2/2
   623 | D:1      | Found a faded altar of an unknown god.
  1082 | D:2      | Reached XP level 3. HP: 29/29 MP: 3/3
  1348 | D:2      | Reached skill level 1 in Maces & Flails
  1663 | D:3      | Reached skill level 4 in Armour
  1710 | D:3      | Reached XP level 4. HP: 32/37 MP: 4/4
  2157 | D:3      | Reached XP level 5. HP: 27/42 MP: 5/5
  2458 | D:3      | Found Momiog Goll's Book Shop.
  2909 | D:4      | Reached XP level 6. HP: 47/48 MP: 6/6
  2946 | D:4      | Noticed an ogre
  2951 | D:4      | Killed an ogre
  2970 | D:4      | Reached skill level 5 in Armour
  2980 | D:4      | Reached XP level 7. HP: 42/55 MP: 7/7
  3626 | D:4      | Found a hazy altar of Hepliaklqana.
  3911 | D:5      | Entered Level 5 of the Dungeon
  4031 | D:5      | Found a sand-covered staircase.
  4048 | Ossuary  | Entered an ossuary
  4127 | Ossuary  | Reached skill level 6 in Armour
  4158 | Ossuary  | Gained mutation: You expend magic power (3 MP) to
                  | strengthen your wands. [potion of mutation]
  4158 | Ossuary  | Gained mutation: You are clumsy. (Dex -2) [potion of
                  | mutation]
  4158 | Ossuary  | Gained mutation: You have hidden genetic potential. [potion
                  | of mutation]
  4171 | Ossuary  | Reached skill level 5 in Fighting
  4171 | Ossuary  | Reached XP level 8. HP: 14/62 MP: 8/8
  4235 | Ossuary  | HP: 2/62 [mummy (8)]
  4238 | Ossuary  | Slain by a mummy

Illustrated notes

Levels and vault maps discovered:
D:1:      amcnicky_arrival_flooded_fountain, layout_loops_corners,
          dreamdust_ecumenical_altar_statues
D:2:      layout_rooms
D:3:      layout_loops_corners, serial_shops, nicolae_shop_window_shopping,
          corexii_shack
D:4:      layout_basic, mainiacjoe_overflow_alcove_1, minmay_crystal_water
D:5:      layout_cave_pools, nicolae_ossuary_entry_giza, uniq_edmund
Ossuary:  ossuary_zaba_flooded

Skill      XL: |  1  2  3  4  5  6  7 |
---------------+----------------------+-----
Maces & Flails | 1 2 3 4 |  4.7
Armour         | 4 5 6 |  6.6
Fighting       | 4 5 |  5.2
Short Blades   | 3 |  3.6
Shields        | |  3.8

Action                   |  1- 3 |  4- 6 |  7- 9 || total
-------------------------+-------+-------+-------++-------
Melee: Rapier            |    27 |       |    57 ||    84
       Whip              |    76 |    99 |    99 ||   274
 Abil: Dig               |       |       |     1 ||     1
  Use: Scroll            |       |     4 |     5 ||     9
       Potion            |       |       |    11 ||    11
 Stab: Invisible         |       |       |     3 ||     3
Armor: Scale mail        |    39 |    34 |    39 ||   112
Dodge: Dodged            |    39 |    30 |    55 ||   124
Block: Buckler           |    49 |    37 |    75 ||   161
       Reflection        |       |       |     3 ||     3

Table legend: (Time is in decaauts)
 A = Elapsed time spent in this place.
 B = Non-inter-level travel time spent in this place.
 C = Inter-level travel time spent in this place.
 D = Time resting spent in this place.
 E = Time spent auto-exploring this place.
 F = Levels seen in this place.
 G = Mean time per level.
                   A        B        C        D        E       F      G
               +--------+--------+--------+--------+--------+-----+--------+
         Total |   4231 |   4135 |     96 |     17 |   3324 |   6 |  705.2 |
       Dungeon |   4050 |   3954 |     96 |      0 |   3324 |   5 |  810.0 |
       Ossuary |    181 |    181 |      0 |     17 |      0 |   1 |  181.0 |
               +--------+--------+--------+--------+--------+-----+--------+

Top non-repeatable levels by time:
     D:3: 1201 daAuts
     D:4: 1167 daAuts
     D:1: 945 daAuts
     D:2: 598 daAuts
 Ossuary: 181 daAuts
     D:5: 137 daAuts
